 Dungeon Crawl Stone Soup version 0.30-a0-857-gcaf70739d4 (webtiles) character file.

Game seed: 7798814284262511350

12 ragingrage the Sneak (level 2, -1/24 HPs)
             Began as a Demonspawn Delver on Mar 6, 2023.
             Was an Initiate of Nemelex Xobeh.
             Slain by an iguana (12 damage)
             ... on level 4 of the Dungeon.
             The game lasted 00:00:49 (260 turns).

ragingrage the Sneak (Demonspawn Delver)             Turns: 260, Time: 00:00:50

Health: -1/24      AC:  3    Str: 12    XL:     2   Next: 20%
Magic:  2/2        EV: 11    Int: 11    God:    Nemelex Xobeh [......]
Gold:   9          SH:  0    Dex: 14    Spells: 1/1 levels left

rFire   . . .      SeeInvis .    a - +0 falchion
rCold   . . .      Faith    .    (no shield)
rNeg    . . .      Spirit   .    b - +0 leather armour
rPois   .          Reflect  .    (no helmet)
rElec   .          Rampage  .    (no cloak)
rCorr   .                        (no gloves)
Will    .....                    (no boots)
Stlth   ++                       (no amulet)
HPRegen 0.24/turn                i - ring of flight
MPRegen 0.16/turn                (no ring)

@: flying
A: magic regeneration
a: Renounce Religion, Draw Escape, Draw Destruction, Draw Summoning


You were on level 4 of the Dungeon.
You worshipped Nemelex Xobeh.
Nemelex Xobeh was noncommittal.
You visited 2 branches of the dungeon, and saw 4 of its levels.

You collected 9 gold pieces.

Inventory:

Hand Weapons
 a - a +0 falchion (weapon)
 h - a +0 dagger of speed
Armour
 b - a +0 leather armour (worn)
 j - a +0 helmet
Jewellery
 i - a ring of flight (left hand)
Wands
 g - a wand of digging (3)
Scrolls
 c - a scroll of fog
 d - a scroll of magic mapping
 e - a scroll of fear
Potions
 f - a potion of haste


   Skills:
 - Level 3.0 Fighting
 + Level 2.6 Long Blades
 - Level 1.7 Dodging
 - Level 4.5 Stealth


You had one spell level left.
You didn't know any spells.
Your spell library was empty.

Dungeon Overview and Level Annotations

Branches:
Dungeon (6/15)             Temple (1/1) D:4

Altars:
Fedhas
Gozag
Hepliaklqana
Kikubaaqudgha
Makhleb
Nemelex Xobeh
Qazlal
Ru
Sif Muna
Uskayaw
Wu Jian
Xom
Yredelemnul

Annotations:
D:5 exclusion: downstairs


Innate Abilities, Weirdness & Mutations

You regenerate magic rapidly.


Message History

A giant cockroach comes into view.
There is a staircase to the Ecumenical Temple here.
You fly downwards.
Welcome to the Ecumenical Temple!
Found fifteen altars.
There is a staircase back to the Dungeon here.
There is a blossoming altar of Fedhas here.
Done exploring.
Done exploring.
Search for what [? for help]? neme
There is a sparkling altar of Nemelex Xobeh here.
You hover solemnly before the altar of Nemelex Xobeh.
Nemelex Xobeh welcomes you!
You can now draw from decks of power.
There is a staircase back to the Dungeon here.
You fly upwards.
The giant cockroach bites you but does no damage. x2
There is a staircase to the Ecumenical Temple here.
Unknown command.
You slash the giant cockroach!
You kill the giant cockroach!
A hobgoblin comes into view.
An iguana comes into view.
You see here a +0 helmet.
j - a +0 helmet The iguana hisses angrily.
A kobold comes into view. It is wielding a +0 short sword.
A black bear comes into view.
The black bear growls angrily.
A kobold comes into view.
It is wielding a +0 dagger and quivering poisoned darts.
Okay, then.
The iguana attacks as you move away! The iguana bites you.
A jelly comes into view.
The iguana attacks as you move away! The iguana bites you!
The kobold throws a stone.
The stone barely misses you. The black bear misses you.
The black bear claws you.
The black bear claws you but does no damage.
The iguana attacks as you move away! The iguana bites you!
Ouch! That really hurt!
You die...
Your body disappears without a glow.

.#..####.####.##...#
..)...##.###P.P#...#####
...... #[##.........[...
.....# .............K...
..... ...##.............
....############...#####
.##...# #...# #####.#
#l..# # #†# #@..#
#####.# #.hg#
#.)...########...^...#
#.###...>......##K##.#
..# #.#.###.#...... .#
### #.#.....#. #J.# # #
#.#..#..#.. ...# #
#.......... ...
###.......#


You could see a black bear, an iguana, a jelly, a hobgoblin and 2 kobolds.

Vanquished Creatures
  A worm (D:4)
  3 orcs (D:4)
  A giant cockroach (D:4)
  A hobgoblin (D:4)
6 creatures vanquished.

Notes
Turn   | Place    | Note
-------+----------+-------------------------------------------
     0 | D:5      | ragingrage the Demonspawn Delver began the quest for the
                  | Orb.
     0 | D:5      | Reached XP level 1. HP: 18/18 MP: 1/1
     5 | D:6      | Noticed a bullfrog
     6 | D:6      | Noticed an orc wizard
   141 | D:4      | Gained mutation: You regenerate magic rapidly. [demonic
                  | ancestry]
   141 | D:4      | Reached XP level 2. HP: 24/24 MP: 2/2
   212 | D:4      | Found a staircase to the Ecumenical Temple.
   221 | Temple   | Entered the Ecumenical Temple
   241 | Temple   | Became a worshipper of Nemelex Xobeh the Trickster
   256 | D:4      | Noticed a black bear
   260 | D:4      | Slain by an iguana

Illustrated notes

Levels and vault maps discovered:
D:4:      layout_loops_cross, minmay_temple_entry_gardened_gates,
          uniq_blork_the_orc
D:5:      layout_cave_pods, slow_altar_1
D:6:      layout_basic, mainiacjoe_overflow_alcove_2, nicolae_shop_vocational
Temple:   minmay_freezing_vapour_temple

Skill      XL: |  1 |
---------------+----+-----
Long Blades    | 2 |  2.6
Fighting       | |  3.0
Dodging        | |  1.7
Stealth        | |  4.5

Action                     || total
---------------------------++-------
  Melee: Falchion          ||    24
         Punch             ||     2
 Armour: Leather armour    ||     7
  Dodge: Dodged            ||    13

Table legend: (Time is in decaauts)
 A = Elapsed time spent in this place.
 B = Non-inter-level travel time spent in this place.
 C = Inter-level travel time spent in this place.
 D = Time resting spent in this place.
 E = Time spent auto-exploring this place.
 F = Levels seen in this place.
 G = Mean time per level.
                   A        B        C        D        E       F      G
               +--------+--------+--------+--------+--------+-----+--------+
         Total |    265 |    259 |      6 |     84 |     68 |   4 |   66.2 |
       Dungeon |    240 |    240 |      0 |     84 |     57 |   3 |   80.0 |
        Temple |     25 |     19 |      6 |      0 |     11 |   1 |   25.0 |
               +--------+--------+--------+--------+--------+-----+--------+

Top non-repeatable levels by time:
     D:4: 229 daAuts
  Temple: 25 daAuts
     D:5: 8 daAuts
     D:6: 1 daAuts
